 Dungeon Crawl Stone Soup version 0.25-a0-51-gc466198 (webtiles) character file.

Game seed: 9190161001189840406, levelgen mode: deterministic

1 Cinza the Stinger (level 1, -1/15 HPs)
             Began as a Naga Venom Mage on Oct 25, 2019.
             Slain by a leopard gecko (2 damage)
             ... on level 1 of the Dungeon.
             The game lasted 00:02:35 (106 turns).

Cinza the Stinger (Naga Venom Mage)                  Turns: 106, Time: 00:02:35

Health: -1/15      AC:  1    Str: 10    XL:     1   Next: 20%
Magic:  1/3        EV: 10    Int: 15    God:
Gold:   5          SH:  0    Dex: 11    Spells: 3/4 levels left

rFire    . . .     SeeInvis +   (no weapon)
rCold    . . .     Gourm    .   (no shield)
rNeg     . . .     Faith    .   a - +0 robe
rPois    +         Spirit   .   (no helmet)
rElec    .         Reflect  .   (no cloak)
rCorr    .         Harm     .   (no gloves)
MR       .....                  (no barding)
Stlth    ++........             (no amulet)
HPRegen  0.05/turn              (no ring)
MPRegen  0.08/turn              (no ring)

@: very slow
A: large, see invisible, deformed body, poison resistance, slowness 2, slow
metabolism 1, spit poison 1, AC +0
a: Spit Poison


You were on level 1 of the Dungeon.
You were not hungry.

You visited 1 branch of the dungeon, and saw 1 of its levels.

You collected 5 gold pieces.

Inventory:

Missiles
 b - 18 stones (quivered)
Armour
 a - a +0 robe (worn)
Comestibles
 c - a ration


   Skills:
 + Level 1.5 Dodging
 + Level 3.0 Stealth
 + Level 2.0 Spellcasting
 + Level 1.0 Conjurations
 + Level 4.1 Poison Magic


You had 3 spell levels left.
You knew the following spells:

 Your Spells              Type           Power        Failure   Level  Hunger
a - Sting                 Conj/Pois      #...         8%          1    #......

Your spell library contained the following spells:

 Spells                   Type           Power        Failure   Level  Hunger
 Poisonous Vapours        Pois/Air       #.....       14%         2    ###....
 Mephitic Cloud           Conj/Pois/Air  #.......     32%         3    ###....
 Olgreb's Toxic Radiance  Pois           ##......     38%         4    #####..
 Venom Bolt               Conj/Pois      #.........   91%         5    ######.


Dungeon Overview and Level Annotations

Branches:
Dungeon (1/15)

Altars:


Innate Abilities, Weirdness & Mutations

You cannot wear boots.
Your serpentine skin is tough. (AC +0)
You have supernaturally acute eyesight. (SInv)
Armour fits poorly on your strangely shaped body.
Your system is resistant to poisons. (rPois)
You cover ground very slowly.
You have a slow metabolism.
You can spit poison.


Message History

The leopard gecko is lightly wounded.
The leopard gecko bites you. x2
* * * LOW HITPOINT WARNING * * *
Casting: Sting (safe; 8% risk of failure)
Confirm with . or Enter, or press ? or * to list all spells.
Aiming: Sting (safe; 8% risk of failure)
Press: ? - help, Shift-Dir - straight line, f/p - leopard gecko
Aim: a leopard gecko (lightly wounded)
The sting misses the leopard gecko.
The leopard gecko hisses menacingly.
The leopard gecko closely misses you.
Casting: Sting (safe; 8% risk of failure)
Confirm with . or Enter, or press ? or * to list all spells.
You don't have enough magic to cast that spell.
Unknown command.
The leopard gecko barely misses you. The leopard gecko closely misses you.
You see here 11 gold pieces.
The leopard gecko barely misses you. The leopard gecko bites you.
You die...

....##.....# ..........#
###.#..(...# . ...........#
#. #.......[#
...####....?..#
.............# ##.....l...#
#.....$@..# #.#.#######
.#..#...####################
.................#.........#
)...############.#.........#
... #...........# ..
#...<........ .
#.#....8..... #.#.....♣....


You could see a leopard gecko.

Vanquished Creatures
  A giant cockroach (D:1)
1 creature vanquished.

Notes
Turn   | Place    | Note
-------+----------+-------------------------------------------
     0 | D:1      | Cinza the Naga Venom Mage began the quest for the Orb.
     0 | D:1      | Reached XP level 1. HP: 15/15 MP: 3/3
   106 | D:1      | Slain by a leopard gecko

Levels and vault maps discovered:
D:1:      wander_arrival_peaceful_grave, layout_basic

Action                   || total
-------------------------++-------
 Cast: Sting             ||     4
Armor: Robe              ||     2
Dodge: Dodged            ||     4

Table legend:
 A = Non-vault XP
 B = Vault XP
 C = Vault XP percentage of total XP
 D = Non-vault monster count
 E = Vault monster count
 F = Vault count percentage of total count
                 A         B        C        D         E       F
            +---------+---------+-------+---------+---------+-------
      Total |       2 |       0 |   0.0 |       1 |       0 |   0.0
            +---------+---------+-------+---------+---------+-------
        D:1 |       2 |       0 |   0.0 |       1 |       0 |   0.0
            +---------+---------+-------+---------+---------+-------
